Kradschützen Motorcycle Team
Selects Armored Support Battlegroup
Selects Superior Fire Drills
Construct Light Support Kompanie
Construct Mechanized Kompanie
Selects Flammpanzer III Medium Tank
Pak 38 Anti-tank Gun Team
254 Reconnaissance Tractor
Flammpanzer III Medium Tank
Selects Command Panzer IV F Medium Tank
Marder III Tank Destroyer
Command Panzer IV F Medium Tank
Marder III Tank Destroyer
Pak 38 Anti-tank Gun Team